 Dungeon Crawl Stone Soup version 0.19-a0-994-g3c636f0 (webtiles) character file.

18418 4thArraOfDagon the Cleaver (level 12, -7/86 HPs)
             Began as a Formicid Abyssal Knight on July 17, 2016.
             Was a Priest of Lugonu.
             Mangled by a minotaur
             ... wielding a +4 rod of inaccuracy (1/11)
              (11 damage)
             ... in a labyrinth.
             The game lasted 00:45:09 (7641 turns).

4thArraOfDagon the Cleaver (FoAK)                   Turns: 7641, Time: 00:45:09

Health: -7/86      AC: 18    Str: 25    XL:     12   Next: 94%
Magic:  18/18      EV: 13    Int: 13    God:    Lugonu [***...]
Gold:   752        SH: 10    Dex: 17    Spells: 1 memorised, 6 levels left

rFire  . . .     SeeInvis +     j - +2 executioner's axe (drain)
rCold  . . .     Gourm    .     I - +0 plate armour
rNeg   + . .     Faith    .     D - +0 buckler
rPois  +         Spirit   .     (helmet unavailable)
rElec  .         Dismiss  .     M - +1 ratskin cloak {rPois rN+ Int-1 Dex-1}
rCorr  .         Reflect  +     q - +0 pair of gloves {Dex+3}
SustAt .         Harm     .     (no boots)
MR     +....                    B - +4 amulet of reflection
Stlth  ..........               h - ring of see invisible
                                (no ring)

@: mighty, agile, studying Unarmed Combat, somewhat resistant to hostile
enchantments, extremely unstealthy
A: permanent stasis, dig shafts and tunnels, four strong arms, antennae 3
a: Dig, Shaft Self, Depart the Abyss, Bend Space, Banish, Renounce Religion


You were in a labyrinth.
You worshipped Lugonu.
Lugonu was most pleased with you.
You were not hungry.

You visited 1 branch of the dungeon, and saw 14 of its levels.
You visited the Abyss 1 time.
You also visited: Labyrinth.

You collected 752 gold pieces.

Inventory:

Hand Weapons
 a - a +1 hand axe
 f - a +0 war axe
 j - a +2 executioner's axe of draining (weapon)
 P - a +1 battleaxe of freezing
Missiles
 J - 5 curare-tipped needles
Armour
 b - a +0 leather armour
 q - a +0 pair of gloves of dexterity (worn)
 t - a +1 leather armour of magic resistance
 u - a +1 scale mail
 D - a +0 buckler (worn)
 F - a troll hide
 I - a +0 plate armour (worn)
 M - the +1 ratskin cloak (worn) {rPois rN+ Int-1 Dex-1}
   (You found it on level 13 of the Dungeon)

   It affects your intelligence (-1).
   It affects your dexterity (-1).
   It protects you from poison.
   It protects you from negative energy.
Magical Staves
 r - an uncursed staff of wizardry {unknown}
Rods
 i - a +3 iron rod (3/13)
   (You found it on level 7 of the Dungeon)
Jewellery
 d - an uncursed ring of ice
 h - a ring of see invisible (right hand)
 B - a +4 amulet of reflection (around neck)
 L - an uncursed ring of ice
Wands
 k - a wand of acid (0/15)
 m - a wand of iceblast (0/15)
 o - a wand of slowing (0/48)
 G - a wand of acid (1/15)
 K - a wand of random effects (23/48)
Scrolls
 g - 2 scrolls of noise
 n - 2 scrolls of teleportation
 p - 2 scrolls of amnesia
 x - 2 scrolls of magic mapping
 y - 2 scrolls of fear
 A - 2 scrolls of remove curse
 C - 3 scrolls of fog
Potions
 e - a potion of agility
 l - 2 potions of brilliance {unknown}
 s - a potion of might
 v - 4 potions of flight
 w - 2 potions of lignification
 z - 2 potions of degeneration
Books
 N - a manual of Unarmed Combat
Comestibles
 c - 9 bread rations


   Skills:
 - Level 5.2 Fighting
 * Level 13.3 Axes
 + Level 10.8 Armour
 - Level 0.8 Dodging
 + Level 8.2 Shields
 + Level 8.6 Invocations
 - Level 6.0 Evocations


You had 6 spell levels left.
You knew the following spells:

 Your Spells              Type           Power        Failure   Level  Hunger
a - Silence               Hex/Air        #.........   100%        5    ######.


Dungeon Overview and Level Annotations

Branches:
Dungeon (14/15)              Lair (0/6) D:11
 Temple: D:4-7          Orc: D:9-12      Vaults: D:13-14

Altars:
Cheibriados
Fedhas
Yredelemnul
The Shining One

Portals:
Trove: D:12 (give 14 potions of heal wounds)

Annotations:
D:6 1 runed door
D:11 corrupted
D:13 corrupted


Innate Abilities, Weirdness & Mutations

You are under a permanent stasis effect.
You can dig through walls and to a lower floor.
Your four strong arms can wield two-handed weapons with a shield.
You have a pair of large antennae on your head. (SInv)


Message History

* * * LOW HITPOINT WARNING * * *
The minotaur gores you but does no damage.
Unknown command.
Unknown command.
You slash the minotaur! You drain the minotaur!
The minotaur is severely wounded.
You block the minotaur's attack. The minotaur barely misses you.
The minotaur hits you but does no damage.
The minotaur gores you but does no damage.
Unknown command.
Unknown command.
You barely miss the minotaur.
The minotaur furiously retaliates!
The minotaur headbutts you, but does no damage.
The minotaur is severely wounded.
The minotaur barely misses you. The minotaur gores you!
* * * LOW HITPOINT WARNING * * *
The minotaur hits you but does no damage.
The minotaur gores you but does no damage.
The minotaur closely misses you. The minotaur gores you!
You die...

# ###.
####..... # # #
. . #...#. # #
##.#... H#.# #
#.###.#.### #
#.. #.#....# #
#. . .#. #.#.#
##.# #(#..# ..
. #.#.##.#####
####
(#H@....... .
.....(..###.###
.....#...#.#
.### #.###.#
#.. #.# ## ###


You could see a minotaur.

Vanquished Creatures
  A centaur warrior (D:13)
  An unseen horror (D:13)
  7 hill giants
  An ugly thing (D:13)
  2 cyclopes (D:13)
  3 centaur skeletons
  A gargoyle (D:13)
  A meliai (D:13)
  3 trolls (D:13)
  Grinder (D:6)
  A slime creature (D:13)
  A meliai zombie (D:13)
  A spriggan (D:9)
  A wyvern (D:13)
  10 yaks
  A wraith (D:13)
  3 hippogriffs
  3 basilisks (D:13)
  Menkaure (D:6)
  3 vampire mosquitoes (D:13)
  3 ice beasts
  A sky beast (D:8)
  An orc warrior (D:13)
  A necrophage (D:13)
  A black bear (D:9)
  An eye of draining (D:13)
  4 ogres
  12 centaurs
  A phantom (D:9)
  3 big kobolds
  5 giant frogs
  A water moccasin zombie (D:8)
  A wyvern skeleton (D:7)
  3 scorpions
  9 killer bees
  5 wights (D:10)
  3 crimson imps
  2 centaur zombies
  5 hounds
  A quasit (D:12)
  4 giant frog skeletons
  5 orc priests
  5 iguanas
  4 orc wizards
  11 worker ants
  A hound skeleton (D:9)
  4 gnolls (D:4)
  11 adders
  3 shadow imps
  An ooze (D:1)
  2 adder skeletons
  A worm (D:4)
  A dart slug (D:2)
  3 giant geckos
  16 orcs
  A ball python (D:4)
  6 bats
  6 giant cockroaches (D:6)
  2 goblins
  2 hobgoblins (D:1)
  11 jackals
  A quokka (D:9)
  A giant newt (D:2)
  10 kobolds
  A quokka skeleton (D:6)
  2 rats (D:2)
  A spectral orc (D:6)
225 creatures vanquished.

Vanquished Creatures (others)
  A fire giant (D:13)
  A frost giant (D:13)
  A yaktaur captain (D:13)
  A fire dragon (D:13)
  The ghost of p0werm0de the Fighter, a journeyman DsAM of Cheibriados (D:13)
  A centaur warrior (D:13)
  3 hill giants
  A gargoyle (D:13)
  A centaur skeleton (D:11)
  A freezing wraith (D:13)
  A two-headed ogre (D:11)
  A meliai zombie (D:11)
  A shadow (D:11)
  5 yaks (D:11)
  2 wraiths
  A basilisk (D:11)
  A hippogriff (D:11)
  A steam dragon (D:11)
  2 wargs (D:11)
  2 orc warriors
  2 phantoms (D:11)
  An ogre (D:11)
  A giant frog (D:11)
  A gnoll sergeant (D:11)
  A crimson imp (D:11)
  5 orc wizards
  2 giant frog skeletons (D:11)
  5 adders (D:11)
  4 gnolls (D:11)
  2 orcs (D:11)
  9 starspawn tentacles
  143 starspawn tentacle segments
205 creatures vanquished.

Grand Total: 430 creatures vanquished

Notes
Turn   | Place    | Note
-------+----------+-------------------------------------------
     0 | Abyss:1  | 4thArraOfDagon the Formicid Abyssal Knight began the quest for the Orb.
     0 | Abyss:1  | Reached XP level 1. HP: 18/18 MP: 2/2
    23 | Abyss:1  | Noticed a small abomination
    85 | Abyss:2  | Noticed a large abomination
    86 | Abyss:2  | Noticed a smoke demon
    88 | Abyss:2  | Noticed a quasit
    90 | D:1      | Escaped the Abyss
    94 | D:1      | You fall through a shaft!
   119 | D:3      | Noticed an orc priest
   122 | D:3      | You fall through a shaft for 3 floors!
   136 | D:6      | Noticed Grinder
   143 | D:6      | You fall through a shaft!
   175 | D:7      | Noticed a giant frog
   272 | D:6      | Noticed Menkaure
   298 | D:7      | Noticed a crimson imp
   335 | D:6      | Killed Menkaure
   335 | D:6      | Reached XP level 2. HP: 9/24 MP: 3/5
   335 | D:6      | Reached XP level 3. HP: 11/29 MP: 3/6
   335 | D:6      | Reached XP level 4. HP: 13/35 MP: 3/7
   335 | D:6      | Reached XP level 5. HP: 15/41 MP: 3/8
   501 | D:5      | Entered Level 5 of the Dungeon
   504 | D:5      | Found a snail-covered altar of Cheibriados.
   541 | D:4      | Reached skill level 5 in Evocations
   690 | D:2      | Reached * piety under Lugonu
   804 | D:1      | Found a glowing golden altar of the Shining One.
   889 | D:1      | You fall through a shaft!
   904 | D:2      | Found a faded altar of an unknown god.
  1083 | D:1      | Reached XP level 6. HP: 22/47 MP: 10/10
  1395 | D:4      | Reached ** piety under Lugonu
  1417 | D:4      | Reached skill level 3 in Axes
  1466 | D:4      | Reached XP level 7. HP: 7/53 MP: 11/11
  1739 | D:4      | You fall through a shaft for 2 floors!
  1816 | D:6      | You fall through a shaft for 3 floors!
  1921 | D:9      | Reached skill level 4 in Axes
  2094 | D:9      | Reached XP level 8. HP: 61/61 MP: 12/12
  2130 | D:9      | You fall through a shaft for 3 floors!
  2131 | D:12     | Found a portal to a secret trove of treasure.
  2170 | D:11     | Identified a scroll of acquirement
  2271 | D:13     | Noticed a purple ugly thing
  2322 | D:11     | Noticed a yak
  2325 | D:11     | Noticed a yak
  2325 | D:10     | Entered Level 10 of the Dungeon
  2362 | D:10     | Reached skill level 5 in Axes
  2372 | D:10     | Noticed a hill giant
  2397 | D:10     | Killed a hill giant
  2397 | D:10     | Reached skill level 5 in Fighting
  2397 | D:10     | Reached skill level 6 in Axes
  2480 | D:8      | Reached XP level 9. HP: 68/68 MP: 13/13
  2515 | D:8      | Reached *** piety under Lugonu
  2560 | D:8      | Reached skill level 5 in Armour
  2560 | D:8      | Reached skill level 5 in Invocations
  2724 | D:8      | Reached skill level 7 in Axes
  3005 | D:6      | Found a basalt altar of Yredelemnul.
  3079 | D:6      | Killed Grinder
  3115 | D:6      | Found a runed door.
  3165 | D:6      | Found a runed door.
  3326 | D:4      | Found a blossoming altar of Fedhas.
  3540 | D:8      | Reached skill level 8 in Axes
  3673 | D:9      | Learned a level 5 spell: Silence
  3687 | D:9      | Reached XP level 10. HP: 56/74 MP: 14/14
  3940 | D:10     | Reached **** piety under Lugonu
  3973 | D:9      | Reached skill level 9 in Axes
  4346 | D:10     | Reached skill level 1 in Shields
  4362 | D:10     | Noticed a hill giant
  4366 | D:10     | Killed a hill giant
  4639 | D:11     | Corrupted D:11
  4639 | D:11     | Noticed a spatial maelstrom
  4639 | D:11     | Noticed a large abomination
  4639 | D:11     | Noticed a smoke demon
  4639 | D:11     | Noticed a smoke demon
  4639 | D:11     | Noticed an apocalypse crab
  4639 | D:11     | Noticed a thrashing horror
  4639 | D:11     | Noticed a lich
  4639 | D:11     | Noticed a large abomination
  4639 | D:11     | Noticed a thrashing horror
  4639 | D:11     | Noticed a worldbinder
  4639 | D:11     | Noticed a hell knight
  4639 | D:11     | Noticed a bone dragon
  4639 | D:11     | Noticed a tentacled starspawn
  4639 | D:11     | Noticed a starcursed mass
  4640 | D:11     | Noticed a freezing wraith
  4640 | D:11     | Noticed a thrashing horror
  4641 | D:11     | Noticed a deep elf archer
  4641 | D:11     | Noticed a deep elf knight
  4653 | D:11     | Noticed a large abomination
  4663 | D:11     | Killed a hill giant
  4698 | D:11     | Noticed a thrashing horror
  4716 | D:11     | Noticed an efreet
  4768 | D:11     | Found a staircase to the Lair.
  4862 | D:11     | Reached skill level 10 in Axes
  4891 | D:11     | Reached XP level 11. HP: 57/80 MP: 17/17
  5282 | D:12     | Noticed a white ugly thing
  5284 | D:12     | Noticed a green ugly thing
  5488 | D:13     | Noticed a hill giant
  5489 | D:13     | Banished a hill giant
  5491 | D:13     | Noticed a centaur warrior
  5492 | D:13     | Banished a centaur warrior
  5492 | D:13     | Reached skill level 11 in Axes
  5567 | D:13     | Reached skill level 5 in Shields
  5584 | D:13     | Noticed a hill giant
  5597 | D:13     | Killed a hill giant
  5614 | D:13     | Noticed p0werm0de's ghost (journeyman DsAM)
  5615 | D:13     | Banished p0werm0de's ghost
  5666 | D:13     | Noticed an unseen horror
  5668 | D:13     | Killed an unseen horror
  5806 | D:13     | Noticed a hill giant
  5918 | D:13     | Killed a hill giant
  5946 | D:13     | Reached XP level 12. HP: 79/86 MP: 18/18
  5978 | D:13     | Reached skill level 12 in Axes
  6199 | D:13     | Noticed a centaur warrior
  6213 | D:13     | Killed a centaur warrior
  6216 | D:13     | Reached skill level 10 in Armour
  6574 | D:13     | Noticed a fire giant
  6574 | D:13     | Noticed a yaktaur captain
  6575 | D:13     | Noticed a fire dragon
  6585 | D:13     | Corrupted D:13
  6585 | D:13     | Noticed a hell hog
  6593 | D:13     | Killed a yaktaur captain
  6596 | D:13     | Killed a fire giant
  6599 | D:13     | Killed a frost giant
  6602 | D:13     | Killed a fire dragon
  6628 | D:13     | Noticed a starcursed mass
  6659 | D:13     | Noticed a tentacled starspawn
  6680 | D:13     | :(
  6777 | D:13     | Reached skill level 13 in Axes
  7186 | D:14     | Found a labyrinth entrance.
  7193 | Lab      | Entered a labyrinth
  7471 | Lab      | WHY
  7606 | Lab      | Noticed a minotaur
  7641 | Lab      | HP: 4/86 [minotaur/rod of inaccuracy (11)]
  7641 | Lab      | Identified a +4 rod of inaccuracy (1/11)
  7641 | Lab      | Mangled by a minotaur

Vault maps used:
D:1:      eino_arrival_cavern_a, tso_altar
D:2:      ecumenical_altar_1, grunt_ministairs_11, minivault_11
D:4:      fedhas_bush_and_centaur_altar
D:5:      nicolae_overflow_hidden_temple, amethyst_overflow_temple_binary,
          first_bread
D:6:      lemuel_insect_pit, yredelemnul_forgotten_temple_becter,
          nrook_loot_triangle, uniq_grinder, uniq_menkaure
D:7:      minmay_holes
D:8:      grunt_decor_fettered, uniq_psyche
D:9:      the_bakery, evilmike_minifort
D:11:     erik_lair_orcish_takeover
D:12:     orc_0_dummy, enter_trove_2
D:13:     kennysheep_snake, grunt_ministairs_9
D:14:     basic_altar, kennysheep_nondescript, lab_entry_generic, uniq_agnes
Lab:      labyrinth_mini_lab

Skill      XL: |  1  2  3  4  5  6  7  8  9 10 11 12 |
---------------+-------------------------------------+-----
Evocations     | 4 5 6 |  6.0
Axes           | 3 4 6 8 10 11 13 | 13.3
Fighting       | 4 5 |  5.2
Armour         | 3 4 6 8 9 10 | 10.8
Invocations    | 3 4 6 8 |  8.6
Shields        | 3 6 8 |  8.2
Dodging        | |  0.8

Action                   |  1- 3 |  4- 6 |  7- 9 | 10-12 || total
-------------------------+-------+-------+-------+-------++-------
Melee: Hand axe          |     4 |    12 |    30 |       ||    46
       War axe           |       |    77 |    18 |       ||    95
       Executioner's axe |       |       |   121 |   352 ||   473
Invok: Depart the Abyss  |     1 |       |       |       ||     1
       Banish            |       |       |       |    12 ||    12
       Corrupt           |       |       |       |     2 ||     2
 Abil: Shaft Self        |     3 |     1 |     3 |       ||     7
       Dig               |       |    14 |    20 |    21 ||    55
Evoke: Wand              |     2 |     6 |     8 |     6 ||    22
       Rod               |       |     9 |    17 |    30 ||    56
  Use: Scroll            |     1 |     2 |    11 |     8 ||    22
       Potion            |       |     4 |     1 |     4 ||     9
  Eat: Chunk             |       |     8 |     9 |    30 ||    47
       Fruit             |       |     2 |     2 |     3 ||     7
       Meat ration       |       |       |     2 |     2 ||     4
       Beef jerky        |       |       |     1 |       ||     1
       Pizza             |       |       |     1 |       ||     1
Armor: Leather armour    |       |    21 |       |       ||    21
       Scale mail        |       |    25 |   101 |    80 ||   206
       Plate armour      |       |       |       |   130 ||   130
Dodge: Dodged            |     3 |    82 |   108 |   160 ||   353
Block: Buckler           |       |       |       |   165 ||   165
       Other             |       |       |       |     7 ||     7
       Reflection        |       |       |       |    10 ||    10
